 Dungeon Sprint DCSS version 0.31.0 (webtiles) character file.

Game seed: 12035034738729015372

54 Turgor the Cleaver (level 6, -4/68 HPs)
             Began as an Oni Gladiator on Jan 19, 2024.
             Was an Initiate of Ru.
             Slain by a wyvern (7 damage)
             ... in the Dungeon (Sprint VI: "Thunderdome").
             The game lasted 00:10:17 (354 turns).

Turgor the Cleaver (Oni Gladiator)                   Turns: 354, Time: 00:10:18

Health: -4/68      AC:  3    Str: 21      XL:     6   Next: 2%
Magic:  6/6        EV: 10    Int: 17      God:    Ru [......]
Gold:   100        SH:  0    Dex:  9 (10) Spells: 5/5 levels left

rFire   + . .        a - +0 war axe
rCold   + + .        (no shield)
rNeg    + . .        b - +0 robe
rPois   .            c - +0 hat
rElec   .            (no cloak)
rCorr   .            (gloves unavailable)
SInv    .            (boots unavailable)
Will    +....        p - amulet of the Oligarchy {Faith Will+} Stlth
                     q - ring of Ypteyth {rF+ rC+ Int+8 Stlth-}
HPRegen 0.31/turn    s - ring "Nuseutwa" {rC+ rN+}
MPRegen 0.10/turn

%: no teleportation, faith
@: no status effects
A: large, unfitting armour, horns 1, tough skin 1, double potion healing,
drunken brawling
a: Renounce Religion


You were in the Dungeon.
You worshipped Ru.
Ru was noncommittal.
You visited 1 branch You collected 280 gold pieces.
You spent 180 gold pieces at shops.

Inventory:

Hand Weapons
 a - a +0 war axe (weapon)
Missiles
 d - 3 throwing nets (quivered)
 e - a large rock
Armour
 b - a +0 robe (worn)
 c - a +0 hat (worn)
Jewellery
 p - the amulet of the Oligarchy (around neck) {Faith Will+}
   (You bought it in a shop in the Dungeon)

   [amulet of faith]

   Faith:     It allows you to gain divine favour quickly.
   Will+:     It increases your willpower.
 q - the ring of Ypteyth (left hand) {rF+ rC+ Int+8 Stlth-}
   (You bought it in a shop in the Dungeon)

   [ring of protection from cold]

   Int+8:     It affects your intelligence (+8).
   rF+:       It protects you from fire.
   rC+:       It protects you from cold.
   Stlth-:    It makes you less stealthy.
 s - the ring "Nuseutwa" (right hand) {rC+ rN+}
   (You bought it in a shop in the Dungeon)

   [ring of positive energy]

   rC+:       It protects you from cold.
   rN+:       It protects you from negative energy.
Wands
 m - a wand of light (3)
 n - a wand of roots (5)
Scrolls
 k - 4 scrolls of blinking
 o - 3 scrolls of fog
Potions
 f - a potion of curing
 g - 3 potions of heal wounds
 h - 4 potions of haste
 i - 2 potions of magic
 j - a potion of berserk rage
 l - a potion of resistance


   Skills:
 + Level 6.5 Fighting
 + Level 10.4 Axes
 - Level 2.0 Throwing
 + Level 3.9 Armour
 - Level 2.6 Dodging


You had 5 spell levels left.
You didn't know any spells.
Your spell library was empty.

Dungeon Overview and Level Annotations

Branches:
Dungeon (1/1)

Altars:
Cheibriados
Dithmenos
Fedhas
Gozag
Kikubaaqudgha
Makhleb
Okawaru
Qazlal
Ru
Sif Muna
Trog
Uskayaw
Vehumet
Wu Jian
Xom
Yredelemnul
Zin
The Shining One
Lugonu

Shops:
D *[=??*?*:[((!!!!


Innate Abilities, Weirdness & Mutations

You are too large for most types of armour.
You have a pair of small horns on your head.
You have tough skin. (AC +1)
You gain doubled healing and magic from potions.
Whenever you drink a healing potion, you attack all around you.


Message History

Aiming: Bolt of Light
Press: ? - help, Shift-Dir - straight line, f - you
Okay, then.
The centaur wields a +0 orcbow.
The centaur shoots an arrow.
The arrow hits you!
The centaur shoots an arrow.
The arrow barely misses you.
The centaur shoots an arrow.
The arrow closely misses you.
The centaur shoots an arrow.
The arrow closely misses you.
The centaur unwields a +0 orcbow.
The centaur hits you. The centaur closely misses you. x3
You hit the centaur.
The centaur is moderately wounded.
The centaur hits you. The centaur closely misses you.
You hit the centaur.
The centaur is heavily wounded.
The centaur hits you but does no damage.
The centaur kicks you. The centaur hits you.
The centaur kicks you but does no damage.
You slash the centaur!
You kill the centaur!
You feel your dexterity returning.
Your Fighting skill gained 2 levels and is now at level 6!
Your Axes skill increases to level 10!
Your Armour skill increases to level 3!
You have reached level 6!
You feel stronger.
You see here a +0 orcbow.
A wyvern comes into view.
The wyvern hisses angrily.
The wyvern closely misses you.
You barely miss the wyvern. The wyvern bites you!
You slash the wyvern! You punch the wyvern.
The wyvern is heavily wounded.
The wyvern bites you!
* * * LOW HITPOINT WARNING * * *
You hit the wyvern. Your headbutt misses the wyvern.
The wyvern is severely wounded.
The wyvern bites you!
* * * LOW HITPOINT WARNING * * *
The wyvern bites you!
You die...

######.8.........8.#####
##∩_._....[.###......__.∩
###∩........8.# #.8........
##.............###....).....
#⌠).........###...###.......
#⌠..........# #.<.# #.......
#⌠..........###...###.......
##.............###..........
###∩......@.8.# #.8........
##∩___..k...###......___∩
######.8.........8.#####
#§...........⌠#
###.........### #_......._#
#_........# #_......._#
#∩.......∩#


You could see a wyvern.

Vanquished Creatures
  A centaur (D)
  A crimson imp (D)
  2 quasits (D)
  Jessica (D)
  A white imp (D)
  2 ufetubi (D)
  An orc (D)
  A hobgoblin (D)
  A kobold (D)
  A quokka (D)
12 creatures vanquished.

Notes
Turn   | Place    | Note
-------+----------+-------------------------------------------
     0 | D        | Turgor the Oni Gladiator began the quest for the Orb.
     0 | D        | Reached XP level 1. HP: 22/22 MP: 1/1
     0 | D        | Found an ancient bone altar of Kikubaaqudgha.
     0 | D        | Found a shimmering altar of Xom.
     3 | D        | Found a shimmering blue altar of Sif Muna.
     3 | D        | Found a stormy altar of Qazlal.
     4 | D        | Found a hide-covered altar of Uskayaw.
     5 | D        | Found a radiant altar of Vehumet.
     5 | D        | Found a bloodstained altar of Trog.
     5 | D        | Round 1.
     6 | D        | Found Neerchil's Identification Station.
     6 | D        | Found an ornate altar of the Wu Jian Council.
     6 | D        | Found Qiaf's Timeless Talismans.
     7 | D        | Found Luguoch's Advanced Armour.
     7 | D        | Found Loqumavi's Jewellery.
     9 | D        | Found a shadowy altar of Dithmenos.
    10 | D        | Found a sacrificial altar of Ru.
    12 | D        | Found an iron altar of Okawaru.
    12 | D        | Found an opulent altar of Gozag.
    12 | D        | Found Qewuti's Magic Scroll Shop.
    12 | D        | Found Inutatua's Staff Store.
    13 | D        | Found Mengyocaach's Magic Scroll Shop.
    13 | D        | Found Zaecheup's Must-Have Magic.
    21 | D        | Became a worshipper of Ru the Awakened
    27 | D        | Found a glowing golden altar of the Shining One.
    29 | D        | Found Plog's Distillery.
    30 | D        | Found Iwnouthre's Distillery.
    30 | D        | Found Joumue's Bottled Wisdom.
    30 | D        | Found a snail-covered altar of Cheibriados.
    30 | D        | Found a corrupted altar of Lugonu.
    30 | D        | Found a basalt altar of Yredelemnul.
    30 | D        | Found Puimp's Do-It-Yourself Clinic.
    34 | D        | Found a burning altar of Makhleb.
    36 | D        | Found a blossoming altar of Fedhas.
    37 | D        | Found Kimyagach's Weapon Rack.
    38 | D        | Found a glowing silver altar of Zin.
    38 | D        | Found Beaghouj's Premium Goods.
    38 | D        | Found Zyrad Bebo's Basic Armour.
    38 | D        | Found Ynacsu's Miscellaneous Merchandise.
    48 | D        | Noticed Jessica
    50 | D        | Killed Jessica
    51 | D        | Reached skill level 6 in Axes
    51 | D        | Reached XP level 2. HP: 29/29 MP: 2/2
    51 | D        | Reached XP level 3. HP: 36/36 MP: 3/3
    97 | D        | Bought a bound emerald amulet for 45 gold pieces
    97 | D        | Identified the amulet of the Oligarchy {Faith Will+} (You
                  | bought it in a shop in the Dungeon)
    97 | D        | Bought an ancient wooden ring for 45 gold pieces
    97 | D        | Identified the ring of Ypteyth {rF+ rC+ Int+8 Stlth-} (You
                  | bought it in a shop in the Dungeon)
    97 | D        | Bought an ancient glass ring for 45 gold pieces
    97 | D        | Identified the ring of Wiasm {Fire rElec Int+4 Dex-5} (You
                  | bought it in a shop in the Dungeon)
   103 | D        | Bought a bound amber ring for 45 gold pieces
   103 | D        | Identified the ring "Nuseutwa" {rC+ rN+} (You bought it in
                  | a shop in the Dungeon)
   118 | D        | Arena points: 12 (+12) [x2]
   187 | D        | Round 2.
   201 | D        | Reached skill level 8 in Axes
   201 | D        | Reached XP level 4. HP: 32/44 MP: 4/4
   210 | D        | Reached skill level 9 in Axes
   248 | D        | Reached skill level 1 in Armour
   269 | D        | Reached XP level 5. HP: 35/53 MP: 5/5
   304 | D        | Arena points: 54 (+42) [x3]
   330 | D        | Round 3.
   331 | D        | Noticed a centaur
   339 | D        | Killed a centaur
   340 | D        | Reached skill level 10 in Axes
   340 | D        | Reached XP level 6. HP: 32/68 MP: 6/6
   349 | D        | Noticed a wyvern
   354 | D        | HP: 3/68 [wyvern (11)]
   354 | D        | Slain by a wyvern

Illustrated notes

Levels and vault maps discovered:
D:        arena_sprint

Skill      XL: |  1  2  3  4  5 |
---------------+----------------+-----
Axes           | 6 8 9 10 | 10.4
Fighting       | 3 6 |  6.5
Armour         | 1 3 |  3.9
Throwing       | |  2.0
Dodging        | |  2.6

Action                     |  1- 3 |  4- 6 || total
---------------------------+-------+-------++-------
  Melee: War axe           |    16 |    51 ||    67
         Headbutt          |     2 |     2 ||     4
         Punch             |       |     1 ||     1
  Evoke: Wand              |     1 |     1 ||     2
    Use: Potion            |       |     1 ||     1
 Armour: Robe              |    20 |    87 ||   107
  Dodge: Dodged            |     9 |    61 ||    70
